 Dungeon Crawl Stone Soup version 0.30.1-3-gfc49f6343a (webtiles) character file.

Game seed: 4515061291138257146

135 Heoruswealwe the Conjurer (level 4, 0/24 HPs)
             Began as a Deep Elf Conjurer on July 19, 2023.
             Slain by an orc
             ... wielding a +0 hand axe
              (6 damage)
             ... on level 3 of the Dungeon.
             The game lasted 00:21:08 (2174 turns).

Heoruswealwe the Conjurer (Deep Elf Conjurer)       Turns: 2174, Time: 00:21:09

Health: 0/24       AC:  2    Str:  4    XL:     4   Next: 96%
Magic:  7/13       EV: 12    Int: 25    God:
Gold:   170        SH:  0    Dex: 13    Spells: 3/13 levels left

rFire   . . .        (no weapon)
rCold   . . .        (no shield)
rNeg    . . .        c - +0 robe
rPois   .            (no helmet)
rElec   .            (no cloak)
rCorr   .            (no gloves)
SInv    .            (no boots)
Will    .....        (no amulet)
Stlth   ++           k - ring of flight
HPRegen 0.24/turn    (no ring)
MPRegen 0.13/turn

%: no passive effects
@: flying
A: screaming 1
a: no special abilities


You were on level 3 of the Dungeon.
You visited 1 branch of the dungeon, and saw 3 of its levels.

You collected 170 gold pieces.

Inventory:

Armour
 c - a +0 robe (worn)
 d - an orb of energy
 j - a +0 robe
 l - a +0 robe
 o - a +0 robe
Jewellery
 k - a ring of flight (left hand)
Wands
 n - a wand of digging (3)
Scrolls
 a - a scroll of noise {unknown}
 b - a scroll of immolation {unknown}
 f - 4 scrolls of identify {unknown}
 g - a scroll of acquirement {unknown}
 h - a scroll of amnesia {unknown}
 i - 3 scrolls of silence {unknown}
 m - a scroll of teleportation {unknown}


   Skills:
 - Level 2.4 Dodging
 - Level 2.4 Stealth
 + Level 5.4 Spellcasting
 + Level 5.8 Conjurations


You had 3 spell levels left.
You knew the following spells:

 Your Spells              Type           Power      Damage    Failure   Level
a - Magic Dart            Conj           100%       1d8       1%          1
b - Searing Ray           Conj           70%        2d7       1%          2
c - Dazzling Flash        Conj/Hex       42%        N/A       7%          3
d - Fulminant Prism       Conj/Hex       10%        3d9       24%         4

Your spell library contained the following spells:

 Spells                   Type           Power      Damage    Failure   Level
 Necrotise                Necr           24%        1d5       8%          1
 Vampiric Draining        Necr           6%         2d6       24%         3
 Iskenderun's Mystic Bla  Conj/Tloc      21%        2d6       24%         4
 Agony                    Necr           6%         N/A       91%         5


Dungeon Overview and Level Annotations

Branches:
Dungeon (3/15)

Altars:
Nemelex Xobeh


Innate Abilities, Weirdness & Mutations

You occasionally shout uncontrollably at your foes.


Message History

The searing ray misses the orc.
The orc priest hits you with a +0 flail!
* * * LOW HITPOINT WARNING * * *
The orc wizard casts a spell at you.
You are confused.
The orc priest barely misses you. The orc priest misses you.
The orc wizard points at you and mumbles some strange words.
You are more confused.
Things that are here:
a +0 hand axe; a +0 leather armour You bump into the rock wall.
The orc shouts!
The orc priest misses you.
The orc wizard hits you with a +0 dagger.
* * * LOW HITPOINT WARNING * * *
It was a potion of curing.
You feel better. The orc priest closely misses you.
The orc wizard hits you with a +0 dagger.
Casting: Searing Ray (safe; 1% risk of failure)
Confirm with . or Enter, or press ? or * to list all spells.
Aiming: Searing Ray (safe; 1% risk of failure)
Press: ? - help, Shift-Dir - straight line, f - orc wizard
Aim: an orc wizard, wielding a +0 dagger and wearing a +0 robe (heavily wounded, 76% to hit)
The searing ray hits the orc wizard.
The orc wizard is severely wounded.
The searing ray misses the orc.
The searing ray hits the orc.
The orc is almost dead. (Press . to maintain the ray.)
The orc priest barely misses you. The orc wizard misses you.
The searing ray hits the orc wizard!
You kill the orc wizard!
The searing ray hits the orc.
The orc is severely wounded.
The searing ray misses the orc.
The orc priest hits you with a +0 flail.
* * * LOW HITPOINT WARNING * * *
The searing ray misses the orc.
The searing ray hits the orc.
You kill the orc!
The orc hits you with a +0 hand axe.
You die...

.... #.... ..#.# ###
#.### ..# .. ..# #.#
..# # #.# #.# # ..#
#.# #.# # ..# #.##.#
#.# # ..###### #)##.#
#.# # #......#
#.#####o##.# #.# #
#..###.# #.....o@##†#
#.# #
#.####.######..#.##.#
#.# # #.............
#.##.# #######.###
..###########.
#.##.###.........#
..#
#..............#.#
..#
##.#....########.#
..####### ..........#
#.# .........
#.#.####.#.# #.#
#.####### #.#.# #.#.#
##.#


You could see an orc priest and an orc.

Vanquished Creatures
  2 orc wizards (D:3)
  An adder (D:3)
  2 dart slugs (D:2)
  7 orcs (D:3)
  8 ball pythons
  8 endoplasms
  3 giant cockroaches
  4 goblins
  4 hobgoblins
  6 jackals (D:1)
  4 quokkas
  4 bats
  4 frilled lizards
  6 kobolds
  A rat (D:3)
64 creatures vanquished.

Notes
Turn   | Place    | Note
-------+----------+-------------------------------------------
     0 | D:1      | Heoruswealwe the Deep Elf Conjurer began the quest for the
                  | Orb.
     0 | D:1      | Reached XP level 1. HP: 10/10 MP: 6/6
   146 | D:1      | Reached XP level 2. HP: 15/15 MP: 0/8
   149 | D:1      | Learned a level 2 spell: Searing Ray
   450 | D:1      | Reached skill level 5 in Conjurations
   450 | D:1      | Reached XP level 3. HP: 19/19 MP: 0/10
   918 | D:1      | You are sucked into a shaft and drop 1 floor!
   988 | D:2      | Learned a level 3 spell: Dazzling Flash
  1160 | D:2      | Found a sparkling altar of Nemelex Xobeh.
  1209 | D:2      | Found a faded altar of an unknown god.
  1434 | D:3      | Gained mutation: You occasionally shout uncontrollably at
                  | your foes. [potion of mutation]
  1448 | D:3      | Reached XP level 4. HP: 5/24 MP: 4/12
  1453 | D:3      | Learned a level 4 spell: Fulminant Prism
  1628 | D:3      | Reached skill level 5 in Spellcasting
  2174 | D:3      | Slain by an orc

Illustrated notes

Levels and vault maps discovered:
D:1:      shiori_arrival_elements, layout_rooms, kennysheep_another_room,
          corexii_leaking_fountain, minmay_misc_feat_plants, minmay_tromino_mix6
D:2:      layout_rooms, dreamdust_ecumenical_altar_hidden_monk_grotto,
          basic_altar
D:3:      layout_loops_ring, minivault_4

Skill      XL: |  1  2  3  4 |
---------------+-------------+-----
Spellcasting   | 4 5 |  5.4
Conjurations   | 5 |  5.8
Dodging        | |  2.4
Stealth        | |  2.4

Action                     |  1- 3 |  4- 6 || total
---------------------------+-------+-------++-------
  Melee: Unarmed           |    20 |       ||    20
   Cast: Magic Dart        |   103 |    28 ||   131
         Searing Ray       |     3 |     2 ||     5
    Use: Potion            |     4 |     1 ||     5
 Armour: Robe              |     8 |       ||     8
         Skin              |     9 |       ||     9
  Dodge: Dodged            |    31 |     8 ||    39
